 Dungeon Crawl Stone Soup version 0.30-a0-1075-gcd70e7a56d (webtiles) character file.

Game seed: 1549643588320035651

842 jimonade the Covert (level 7, -2/40 HPs)
             Began as a Vampire Brigand on Apr 15, 2023.
             Slain by a human zombie (5 damage)
             ... in an ossuary.
             The game lasted 00:15:01 (4767 turns).

jimonade the Covert (Vampire Brigand)               Turns: 4767, Time: 00:15:02

Health: -2/40      AC: 10    Str: 10      XL:     7   Next: 67%
Magic:  7/7        EV: 11    Int: 10 (13) God:
Gold:   197        SH:  0    Dex: 18      Spells: 6/6 levels left

rFire   + . .      SeeInvis +    a - +2 dagger
rCold   + + .      Faith    .    (no shield)
rNeg    + + +      Spirit   .    v - +2 ring mail {rF+}
rPois   ∞          Reflect  .    (no helmet)
rElec   .          Rampage  .    c - +0 cloak
rCorr   .                        B - +1 pair of gloves
Will    .....                    (no boots)
Stlth   ++++++                   (no amulet)
HPRegen 0.00/turn                (no ring)
MPRegen 0.10/turn                (no ring)

@: bloodless, inhibited regen
A: bloodless, fangs 3, see invisible, vampiric 2
a: Bat Form, Revivify


You were in an ossuary.
You visited 1 branch of the dungeon, and saw 5 of its levels.
You also visited: Ossuary.

You collected 197 gold pieces.

Inventory:

Hand Weapons
 a - a +2 dagger (weapon)
 b - a +0 sling
 i - a +0 short sword
 l - a +0 dagger of flaming
 n - a +0 spear
Missiles
 d - 16 poisoned darts (quivered)
 e - 3 curare-tipped darts
 h - a throwing net
 j - 62 stones
Armour
 c - a +0 cloak (worn)
 q - a +0 ring mail
 r - a +0 robe
 s - a +0 leather armour
 v - a +2 ring mail of fire resistance (worn)
 B - a +1 pair of gloves (worn)
Jewellery
 t - the ring "Luwastecw" {+Blink rF- rC+ Will+++ Int+6}
   (You found it on level 3 of the Dungeon)

   [ring of intelligence]

   Int:       It affects your intelligence (+6).
   rF:        It makes you vulnerable to fire.
   rC:        It protects you from cold.
   +Blink:    It lets you blink.
   Will:      It greatly increases your willpower.
Scrolls
 f - a scroll of amnesia
 o - a scroll of enchant weapon {unknown}
 u - a scroll of immolation
 z - a scroll of enchant armour
Potions
 g - 3 potions of magic {unknown}
 k - 2 potions of might {unknown}
 m - 2 potions of resistance {unknown}
 w - a potion of lignification {unknown}
 x - a potion of heal wounds {unknown}
 A - a potion of curing {unknown}
 C - a potion of mutation {unknown}


   Skills:
 + Level 2.8 Fighting
 + Level 5.2 Short Blades
 + Level 1.4 Ranged Weapons
 + Level 1.8 Throwing
 + Level 2.2 Armour
 + Level 2.9 Dodging
 - Level 10.0 Stealth


You had 6 spell levels left.
You didn't know any spells.
Your spell library contained the following spells:

 Spells                   Type           Power      Damage    Failure   Level
 Hailstorm                Conj/Ice       0%         3d3       96%         3
 Ice Form                 Ice/Tmut       0%         N/A       100%        4
 Simulacrum               Ice/Necr       0%         N/A       100%        6


Dungeon Overview and Level Annotations

Branches:
Dungeon (5/15)             Temple (0/1) D:5         Ossuary (1/1)

Altars:
Kikubaaqudgha
Wu Jian

Annotations:
D:3 3 runed translucent doors, BubbleThief's ghost, amateur NaCA; MrSquiggles's ghost, weakling DsGl; Sleet's ghost, amateur FoFi
D:4 Grinder
D:5 Prince Ribbit


Innate Abilities, Weirdness & Mutations

You do not regenerate when monsters are visible.
You are frail without blood (-20% HP).
You can heal yourself when you bite living creatures.
You are immune to poison.
You have razor-sharp teeth.
You have supernaturally acute eyesight. (SInv)
You are afflicted with vampirism and can become a bat while bloodless.


Message History

You hit the human zombie but do no damage.
You barely miss the human zombie. The human zombie hits you.
* * * LOW HITPOINT WARNING * * *
You hit the human zombie.
The human zombie is lightly damaged.
The human zombie closely misses you.
You hit the human zombie.
The human zombie is lightly damaged.
You hit the human zombie.
The human zombie is lightly damaged.
The human zombie hits you but does no damage.
You closely miss the human zombie.
The human zombie is lightly damaged.
You hit the human zombie.
The human zombie is lightly damaged.
The human zombie hits you but does no damage.
You barely miss the human zombie. You bite the human zombie.
The human zombie is moderately damaged.
You hit the human zombie.
The human zombie is moderately damaged.
The human zombie hits you.
* * * LOW HITPOINT WARNING * * *
You hit the human zombie. You bite the human zombie.
The human zombie is heavily damaged.
The human zombie hits you but does no damage.
You hit the human zombie.
The human zombie is heavily damaged.
You closely miss the human zombie.
The human zombie is heavily damaged.
The human zombie hits you but does no damage.
You hit the human zombie.
The human zombie is heavily damaged.
You barely miss the human zombie. You bite the human zombie.
The human zombie is heavily damaged.
The human zombie hits you.
* * * LOW HITPOINT WARNING * * *
You barely miss the human zombie.
The human zombie is heavily damaged.
The human zombie hits you.
You die...

#...# #.^# .#...#
#...#.####.^####.#...#
#...#............#...#
#...#.####.......#...#
#...# #.......#...#
#...# #.......#...#
#...######.∩.....#...#
#...#........'####...#
#...#.####...#@Z.#...#
#...# #...#(..#...#
#...##############...#
#....................#
#.........∩∩.........#
######################


You could see a human zombie.

Vanquished Creatures
  Menkaure (D:4)
  A black bear (D:4)
  2 elf zombies (Ossuary)
  A scorpion (D:3)
  An orc priest (D:3)
  A centaur zombie (Ossuary)
  3 hounds
  An iguana (D:5)
  Natasha (D:4)
  2 mummies (Ossuary)
  4 gnolls
  7 adders
  An ufetubus (D:5)
  A worm (D:2)
  5 dart slugs
  4 orcs
  6 ball pythons
  6 endoplasms
  4 giant cockroaches
  5 goblins
  8 hobgoblins
  7 kobolds
  6 quokkas
  7 bats
  4 frilled lizards
  3 goblin zombies (Ossuary)
  7 hobgoblin zombies (Ossuary)
  2 jackal zombies (Ossuary)
  7 kobold zombies (Ossuary)
  13 orc zombies (Ossuary)
  9 rats
  A rat zombie (Ossuary)
131 creatures vanquished.

Notes
Turn   | Place    | Note
-------+----------+-------------------------------------------
     0 | D:1      | jimonade the Vampire Brigand began the quest for the Orb.
     0 | D:1      | Reached XP level 1. HP: 16/16 MP: 1/1
    72 | D:1      | Reached skill level 6 in Stealth
   280 | D:1      | Reached XP level 2. HP: 15/17 MP: 2/2
   645 | D:1      | Gained mutation: You are afflicted with vampirism and can
                  | become a bat while bloodless. [Vampire growth]
   645 | D:1      | Reached XP level 3. HP: 15/21 MP: 3/3
   701 | D:1      | Reached skill level 7 in Stealth
  1427 | D:2      | Reached XP level 4. HP: 26/26 MP: 4/4
  1758 | D:3      | Identified the ring "Luwastecw" {+Blink rF- rC+ Will+++
                  | Int+6}
  1829 | D:3      | Reached skill level 8 in Stealth
  2035 | D:3      | Found a runed translucent gate.
  2035 | D:3      | Found a runed translucent gate.
  2035 | D:3      | Found a runed translucent gate.
  2044 | D:3      | Noticed Sleet's ghost (amateur FoFi)
  2044 | D:3      | Noticed BubbleThief's ghost (amateur NaCA)
  2045 | D:3      | Noticed MrSquiggles's ghost (weakling DsGl)
  2228 | D:4      | Noticed Natasha
  2484 | D:3      | Reached XP level 5. HP: 30/30 MP: 5/5
  2635 | D:4      | Noticed Grinder
  2663 | D:3      | Reached skill level 9 in Stealth
  2878 | D:4      | Noticed a black bear
  2894 | D:4      | Killed a black bear
  2895 | D:4      | Reached XP level 6. HP: 18/35 MP: 6/6
  3275 | D:4      | Reached skill level 1 in Armour
  3622 | D:4      | Killed Natasha
  3668 | D:4      | Noticed Menkaure
  3671 | D:4      | Killed Menkaure
  3672 | D:4      | Reached XP level 7. HP: 40/40 MP: 7/7
  3760 | D:5      | Entered Level 5 of the Dungeon
  3786 | D:5      | Noticed Prince Ribbit
  3844 | D:5      | Found an ancient bone altar of Kikubaaqudgha.
  3887 | D:5      | Reached skill level 10 in Stealth
  3955 | D:5      | Found an ornate altar of the Wu Jian Council.
  4040 | D:5      | Found a staircase to the Ecumenical Temple.
  4090 | D:5      | Found a sand-covered staircase.
  4101 | Ossuary  | Entered an ossuary
  4423 | Ossuary  | Reached skill level 5 in Short Blades
  4724 | Ossuary  | Reached skill level 1 in Ranged Weapons
  4767 | Ossuary  | Slain by a human zombie

Illustrated notes

Levels and vault maps discovered:
D:1:      dpeg_arrival_three_same_balls, layout_basic
D:2:      layout_loops_ring
D:3:      layout_loops_cross, gammafunk_ghost_cemetery, kennysheep_flooded_box
D:4:      layout_rooms, st_stairs_5, chequers_serial_rivers_micro_b,
          serial_park_tiny_2, uniq_natasha, uniq_menkaure, uniq_grinder
D:5:      layout_loops_ring, kiku_gazebo_garden_becter,
          nzn_wu_jian_contemplation, temple_green,
          lightli_ossuary_entry_decrepit_ruins, uniq_prince_ribbit1
Ossuary:  ossuary_tomb_1

Skill      XL: |  1  2  3  4  5  6  7 |
---------------+----------------------+-----
Stealth        | 6 7 8 9 10 | 10.0
Fighting       | 2 |  2.8
Short Blades   | 3 4 5 |  5.2
Dodging        | 2 |  2.9
Armour         | 1 2 |  2.2
Ranged Weapons | 1 |  1.4
Throwing       | |  1.8

Action                     |  1- 3 |  4- 6 |  7- 9 || total
---------------------------+-------+-------+-------++-------
  Melee: Dagger            |    78 |   169 |   185 ||   432
         Bite              |     6 |    16 |    29 ||    51
         Punch             |       |       |     3 ||     3
   Fire: Sling             |       |       |    38 ||    38
  Throw: Dart              |       |     4 |     1 ||     5
         Javelin           |       |       |     3 ||     3
Ability: Exsanguinate      |     1 |       |       ||     1
         End Transformatio |       |     2 |       ||     2
         Bat Form          |       |     2 |       ||     2
    Use: Scroll            |       |       |     4 ||     4
   Stab: Sleeping          |    23 |    23 |    11 ||    57
 Armour: Robe              |    10 |     8 |       ||    18
         Ring mail         |       |    37 |    56 ||    93
  Dodge: Dodged            |    43 |    83 |    61 ||   187

Table legend: (Time is in decaauts)
 A = Elapsed time spent in this place.
 B = Non-inter-level travel time spent in this place.
 C = Inter-level travel time spent in this place.
 D = Time resting spent in this place.
 E = Time spent auto-exploring this place.
 F = Levels seen in this place.
 G = Mean time per level.
                   A        B        C        D        E       F      G
               +--------+--------+--------+--------+--------+-----+--------+
         Total |   4682 |   4445 |    237 |    706 |   1652 |   6 |  780.3 |
       Dungeon |   4043 |   3806 |    237 |    657 |   1621 |   5 |  808.6 |
       Ossuary |    638 |    638 |      0 |     49 |     31 |   1 |  638.0 |
               +--------+--------+--------+--------+--------+-----+--------+

Top non-repeatable levels by time:
     D:3: 1401 daAuts
     D:1: 921 daAuts
     D:4: 694 daAuts
     D:2: 687 daAuts
 Ossuary: 638 daAuts
     D:5: 339 daAuts
